 Dungeon Crawl Stone Soup version 0.32-a0-672-gff75c0dad8 (webtiles) character file.

Game seed: 6493542742729574910

270 GeoRichter the Spear-Bearer (level 6, -5/44 HPs)
             Began as a Merfolk Warper on Mar 10, 2024.
             Was an Initiate of Yredelemnul.
             Slain by Pikel
             ... wielding a +1 whip of freezing
              (7 damage)
             ... on level 4 of the Dungeon.
             The game lasted 00:07:58 (3853 turns).

GeoRichter the Spear-Bearer (Merfolk Warper)        Turns: 3853, Time: 00:07:59

Health: -5/44      AC: 11    Str: 13    XL:     6   Next: 22%
Magic:  0/0        EV:  9    Int: 13    God:    Yredelemnul [......]
Gold:   236        SH:  5    Dex: 13    Spells: 9/9 levels left

rFire   . . .        q - +1 trident
rCold   . . .        (no shield)
rNeg    . . .        p - +0 scale mail
rPois   .            (no helmet)
rElec   .            (no cloak)
rCorr   +            k - +2 pair of gloves
SInv    .            o - +1 pair of boots of the Lute {Will+++ rCorr MP-9}
Will    +++..        f - amulet of reflection Stlth
                     a - ring of resist corrosion
HPRegen 0.27/turn    (no ring)
MPRegen 0.07/turn

%: reflection
@: wreathed by umbra
A: (nimble swimmer 2), mertail
a: Renounce Religion, Light the Black Torch, Recall Undead Harvest


You were on level 4 of the Dungeon.
You worshipped Yredelemnul.
Yredelemnul was noncommittal.
You visited 2 branches of the dungeon, and saw 5 of its levels.

You collected 236 gold pieces.

Inventory:

Hand Weapons
 q - a +1 trident (weapon)
   (You found it on level 3 of the Dungeon)
Missiles
 d - 7 darts of dispersal (quivered) {!f}
Armour
 k - a +2 pair of gloves (worn)
   (You found it on level 2 of the Dungeon)
 o - the +1 pair of boots of the Lute (worn) {Will+++ rCorr MP-9}
   (You found it on level 2 of the Dungeon)

   Will+++:   It greatly increases your willpower.
   MP-9:      It affects your magic capacity (-9).
   rCorr:     It protects you from acid and corrosion.
 p - a +0 scale mail (worn)
   (You took it off Terence on level 2 of the Dungeon)
Jewellery
 a - a ring of resist corrosion (left hand)
   (You found it on level 3 of the Dungeon)
 f - an amulet of reflection (around neck)
   (You found it on level 1 of the Dungeon)
Wands
 t - a wand of polymorph (28)
   (You found it on level 3 of the Dungeon)
Scrolls
 b - a scroll of noise {unknown}
 c - a scroll of blinking
 e - 3 scrolls of silence
 h - a scroll of teleportation {unknown}
 i - 2 scrolls of enchant weapon
 j - a scroll of poison {unknown}
 r - a scroll of identify {unknown}
 v - a scroll of vulnerability {unknown}
Potions
 g - 2 potions of lignification {unknown}
 l - a potion of might {unknown}
 m - 2 potions of curing {unknown}
 s - a potion of mutation {unknown}
 u - a potion of enlightenment {unknown}


   Skills:
 - Level 2.1 Fighting
 * Level 8.4 Polearms
 - Level 1.0 Throwing
 - Level 0.6 Armour
 - Level 2.6 Dodging
 - Level 2.0 Spellcasting
 - Level 2.4 Translocations


You had 9 spell levels left.
You didn't know any spells.
Your spell library contained the following spells:

 Spells                   Type           Power      Damage    Failure   Level
 Blink                    Tloc           14%        N/A       56%         2
 Lesser Beckoning         Tloc           14%        N/A       56%         2
 Teleport Other           Tloc           7%         N/A       80%         3
 Mercury Vapours          Alch/Air       2%         N/A       88%         2
 Mephitic Cloud           Conj/Alch/Air  1%         N/A       98%         3
 Manifold Assault         Tloc           7%         N/A       99%         4
 Vhi's Electric Charge    Tloc/Air       8%         N/A       100%        4
 Freezing Cloud           Conj/Ice/Air   0%         6-21      100%        5


Dungeon Overview and Level Annotations

Branches:
Dungeon (4/15) Zot: 20242  Temple (1/1) D:4 Zot: 5971

Altars:
Cheibriados
Elyvilon
Fedhas
Gozag
Kikubaaqudgha
Makhleb
Nemelex Xobeh
Okawaru
Qazlal
Sif Muna
Trog
Uskayaw
Vehumet
Wu Jian
Xom
Yredelemnul
Zin
The Shining One

Annotations:
D:4 Duvessa, Pikel


Innate Abilities, Weirdness & Mutations

((You are very nimble when in or above water. (Stealth+, EV+, Speed+++)))
Your lower body shifts to a powerful aquatic tail in water.


Message History

Pikel hits you with a +1 whip of freezing.
Pikel freezes you.
You miss Pikel.
Pikel is heavily wounded.
You miss Pikel.
Pikel is heavily wounded.
You block Pikel's attack.
Reach: q) +1 trident
Press: ? - help, Dir - move target, f - Pikel
Aim: Pikel, wielding a +1 whip of freezing, wearing a +0 robe and carrying a wand of paralysis (heavily wounded, umbra, about 44% to evade your +1 trident)
You hit Pikel.
Pikel is severely wounded.
Pikel zaps a wand.
You resist with almost no effort.
Reach: q) +1 trident
Press: ? - help, Dir - move target, f/p - Pikel
Aim: Pikel, wielding a +1 whip of freezing, wearing a +0 robe and carrying a wand of paralysis (severely wounded, umbra, about 44% to evade your +1 trident)
You hit Pikel.
Pikel is severely wounded.
Pikel hits you with a +1 whip of freezing.
Pikel freezes you.
Unknown command.
Reach: q) +1 trident
Press: ? - help, Dir - move target, f/p - Pikel
Aim: Pikel, wielding a +1 whip of freezing, wearing a +0 robe and carrying a wand of paralysis (severely wounded, umbra, about 44% to evade your +1 trident)
You closely miss Pikel.
Pikel is severely wounded.
Pikel hits you with a +1 whip of freezing!
* * * LOW HITPOINT WARNING * * *
Pikel freezes you.
* * * LOW HITPOINT WARNING * * *
Reach: q) +1 trident
Press: ? - help, Dir - move target, f/p - Pikel
Aim: Pikel, wielding a +1 whip of freezing, wearing a +0 robe and carrying a wand of paralysis (severely wounded, umbra, about 44% to evade your +1 trident)
You hit Pikel.
Pikel is almost dead.
Pikel hits you with a +1 whip of freezing!
* * * LOW HITPOINT WARNING * * *
Pikel freezes you.
* * * LOW HITPOINT WARNING * * *
Unknown command.
Reach: q) +1 trident
Press: ? - help, Dir - move target, f/p - Pikel
Aim: Pikel, wielding a +1 whip of freezing, wearing a +0 robe and carrying a wand of paralysis (almost dead, umbra, about 44% to evade your +1 trident)
You closely miss Pikel.
Pikel is almost dead.
Pikel hits you with a +1 whip of freezing!
You die...
Pikel says, "See you in Hell!"
Your body rises from the dead as a mindless zombie.

..............#
###.#.........#
..............######
.##................#
>..............###.#
.###...........#.#.#
.....#########...#.#
.##### ###K#.# .#
#@#.# ..# #.#K# ..#
#########.#.#
..######.........#.#
..#.......########.#
..........# #.#
..........# #.#
.#........# #.###
...##.#..## #...#


You could see Pikel.

Vanquished Creatures
  3 lemures (D:4)
  An iguana (D:4)
  2 orc wizards (D:3)
  Terence (D:2)
  7 adders
  A gnoll (D:1)
  A ribbon worm (D:2)
  2 dart slugs
  7 orcs
  8 endoplasms
  7 giant cockroaches
  8 goblins
  6 hobgoblins
  10 kobolds
  3 quokkas
  5 ball pythons
  3 bats
  6 frilled lizards
  7 rats
88 creatures vanquished.

Vanquished Creatures (collateral kills)
  A lemure (D:4)
  A hobgoblin (D:4)
2 creatures vanquished.

Vanquished Creatures (others)
  2 goblin zombies (D:4)
  A hobgoblin zombie (D:4)
  2 kobold zombies (D:4)
  An orc zombie (D:4)
6 creatures vanquished.

Grand Total: 96 creatures vanquished

Notes
Turn   | Place    | Note
-------+----------+-------------------------------------------
     0 | D:1      | GeoRichter the Merfolk Warper began the quest for the Orb.
     0 | D:1      | Reached XP level 1. HP: 16/16 MP: 3/3
   178 | D:1      | Reached skill level 3 in Polearms
   294 | D:1      | Reached XP level 2. HP: 22/22 MP: 5/5
   323 | D:1      | Reached skill level 4 in Polearms
   356 | D:1      | Reached XP level 3. HP: 25/27 MP: 6/6
   534 | D:1      | Reached skill level 5 in Polearms
  1322 | D:2      | Reached XP level 4. HP: 33/33 MP: 7/7
  1414 | D:2      | Noticed Terence
  1458 | D:2      | Killed Terence
  1459 | D:2      | Reached skill level 6 in Polearms
  1865 | D:2      | Identified the +1 pair of boots of the Lute {Will+++ rCorr
                  | MP-9}
  1916 | D:2      | Found a faded altar of an unknown god.
  2217 | D:3      | Reached XP level 5. HP: 38/38 MP: 0/8
  2631 | D:3      | Found an ornate altar of the Wu Jian Council.
  2697 | D:3      | Reached skill level 7 in Polearms
  3028 | D:4      | Noticed Duvessa
  3098 | D:4      | Noticed a lemure
  3321 | D:4      | Reached skill level 8 in Polearms
  3321 | D:4      | Reached XP level 6. HP: 33/44 MP: 0/9
  3364 | D:4      | Found a staircase to the Ecumenical Temple.
  3406 | Temple   | Entered the Ecumenical Temple
  3420 | Temple   | Became a worshipper of Yredelemnul the Fallen
  3682 | D:4      | Found an ancient bone altar of Kikubaaqudgha.
  3689 | D:4      | Noticed Pikel
  3852 | D:4      | HP: 2/44 [Pikel/+1 whip of freezing (3)]
  3853 | D:4      | Slain by Pikel

Illustrated notes

Levels and vault maps discovered:
D:1:      dpeg_arrival_circle_labyrinth_c, layout_basic, minmay_octomino_j4
D:2:      wander_river, layout_basic, shapermc_ecumenical_altar_mp_vishouse,
          uniq_terence
D:3:      layout_loops_ring, lemuel_coloured_pillars_altar
D:4:      layout_basic, tgw_kikubaaqudgha, minmay_temple_entry_crystal_x,
          serial_curves, eino_curves_02, eino_curves_04, uniq_pikel,
          uniq_duvessa
Temple:   lightli_temple_of_artemis

Skill      XL: |  1  2  3  4  5 |
---------------+----------------+-----
Polearms       | 3 4 5 6 8 |  8.4
Fighting       | |  2.1
Throwing       | |  1.0
Armour         | |  0.6
Dodging        | |  2.6
Spellcasting   | |  2.0
Translocations | |  2.4

Action                     |  1- 3 |  4- 6 || total
---------------------------+-------+-------++-------
  Melee: Spear             |   126 |   105 ||   231
         Tailslap          |     3 |     6 ||     9
         Trident           |       |   208 ||   208
 Invoke: Light the Black T |       |     1 ||     1
    Use: Scroll            |       |     3 ||     3
   Stab: Sleeping          |     3 |     1 ||     4
 Armour: Leather armour    |    37 |    23 ||    60
         Scale mail        |       |    83 ||    83
  Dodge: Dodged            |    41 |    95 ||   136
  Block: Other             |       |    27 ||    27

Table legend: (Time is in decaauts)
 A = Elapsed time spent in this place.
 B = Non-inter-level travel time spent in this place.
 C = Inter-level travel time spent in this place.
 D = Time resting spent in this place.
 E = Time spent auto-exploring this place.
 F = Levels seen in this place.
 G = Mean time per level.
                   A        B        C        D        E       F      G
               +--------+--------+--------+--------+--------+-----+--------+
         Total |   3785 |   3458 |    327 |    162 |   2382 |   5 |  757.0 |
       Dungeon |   3756 |   3442 |    314 |    162 |   2382 |   4 |  939.0 |
        Temple |     28 |     15 |     13 |      0 |      0 |   1 |   28.0 |
               +--------+--------+--------+--------+--------+-----+--------+

Top non-repeatable levels by time:
     D:2: 1199 daAuts
     D:1: 1016 daAuts
     D:3: 958 daAuts
     D:4: 581 daAuts
  Temple: 28 daAuts
